AoeStats
← Jermazor

Arabia

508484355Analyzed
2v2 RM · 9d ago on Sep 22, 2026· 29m 55s· 4 players
Game mode
Random Map
Map size
Medium (4 player)
Population
200
Speed
Normal
Resources
Standard
Victory
Conquest
Starting age
Dark Age
Ending age
Imperial Age
RankedLock teamsTeams togetherTeam positionsShared explorationLock speedFull tech treeHidden civsTurbo modeCheats
Victory
Defeat
🇫🇮 Gurjaras · Finland
734
+11
🇫🇮 Bohemians · Finland
678
+14
🇧🇪 Koreans · Belgium
641
-13
🇷🇴 Persians · Romania
616
-12
Stick
11:38 Feudal Age
13:27 Wheelbarrow
12:41 Double-Bit Axe
22:19 Man-at-Arms
27:01 Castle Age
26:30 Horse Collar
27:49 Pikeman
29:13 Hand Cart
29:41 Bow Saw
craciunvladut3
14:11 Loom
15:56 Feudal Age
15:20 Loom
17:14 Wheelbarrow
16:20 Horse Collar
16:27 Double-Bit Axe
16:34 Stone Mining
16:34 Gold Mining
23:55 Castle Age
27:46 Hand Cart
Jermazor
4:49 Loom
11:08 Feudal Age
12:49 Double-Bit Axe
12:47 Horse Collar
18:39 Man-at-Arms
21:18 Gold Mining
25:31 Castle Age
24:11 Forging
25:47 Crossbowman
26:33 Thumb Ring
26:59 Heavy Plow
27:13 Bow Saw
27:06 Arson
27:15 Fletching
28:54 Long Swordsman
29:39 Bodkin Arrow
30:22 Gold Shaft Mining
29:39 Stone Mining
jesper.eronen
0:59 Loom
12:04 Feudal Age
13:31 Double-Bit Axe
13:32 Horse Collar
14:37 Wheelbarrow
18:05 Forging
24:05 Castle Age
Connection lost

Rejoining the realm…

Still unreachable

The connection could not be restored.

Session expired

The server has moved on; the page needs a fresh start.